 Dungeon Crawl Stone Soup version 0.28-a0-769-g550dbda0cd (webtiles) character file.

Game seed: 13854541744238599537

517 croobank the Digger (level 7, -1/39 HPs)
             Began as a Gargoyle Earth Elementalist on Oct 31, 2021.
             Slain by an iguana (7 damage)
             ... on level 5 of the Dungeon on Nov 1, 2021.
             The game lasted 00:47:54 (4284 turns).

croobank the Digger (Gargoyle Earth Elementalist)   Turns: 4284, Time: 00:47:56

Health: -1/39      AC:  6    Str: 14    XL:     7   Next: 20%
Magic:  12/12      EV: 12    Int: 15    God:
Gold:   73         SH:  0    Dex: 10    Spells: 3/12 levels left

rFire   . . .      SeeInvis .   p - +2 club (spect)
rCold   + . .      Faith    .   (no shield)
rNeg    + . .      Spirit   .   k - +0 robe {rC+}
rPois   ∞          Reflect  .   (helmet currently unavailable)
rElec   +          Harm     .   (no cloak)
rCorr   .          Rampage  .   (no gloves)
Will    .....                   (boots currently unavailable)
Stlth   ++........              (no amulet)
HPRegen 0.13/turn               (no ring)
MPRegen 0.13/turn               (no ring)

@: appendages (expiring)
A: horns 2, talons 2, sickness immunity, AC +4, negative energy resistance 1,
electricity resistance, torment resistance 1, petrification resistance
a: End Transformation


You were on level 5 of the Dungeon.
You had temporarily grown beastly horns and talons.
You visited 1 branch of the dungeon, and saw 5 of its levels.

You collected 73 gold pieces.

Inventory:

Hand Weapons
 a - a +0 whip
 e - a +0 mace
 g - a +0 falchion
 i - a +0 scythe
 l - a +0 short sword
 o - a +0 long sword
 p - a +2 spectral club (weapon)
Missiles
 c - 74 stones
 d - 61 arrows
 h - 26 sling bullets
 j - 41 bolts
 q - 13 poisoned darts
Armour
 b - a +0 robe
 k - a +0 robe of cold resistance (worn)
Potions
 f - a potion of flight
 m - a potion of curing {unknown}
 n - 2 potions of lignification {unknown}


   Skills:
 + Level 1.9 Fighting
 + Level 3.0 Maces & Flails
 + Level 3.0 Dodging
 + Level 3.5 Stealth
 + Level 3.4 Spellcasting
 + Level 0.7 Conjurations
 + Level 1.0 Transmutations
 + Level 5.4 Earth Magic


You had 3 spell levels left.
You knew the following spells:

 Your Spells              Type           Power      Damage    Failure   Level
a - Sandblast             Erth           36%        2d10      1%          1
b - Wereblood             Tmut           5%         N/A       19%         2
c - Stone Arrow           Conj/Erth      22%        3d8       16%         3
d - Beastly Appendage     Tmut           10%        N/A       13%         1
e - Passwall              Tmut/Erth      10%        N/A       8%          2

Your spell library contained the following spells:

 Spells                   Type           Power      Damage    Failure   Level
 Spider Form              Tmut/Pois      2%         N/A       43%         3
 Petrify                  Tmut/Erth      12%        N/A       45%         4


Dungeon Overview and Level Annotations

Branches:
Dungeon (5/15)
 Temple: D:4-7

Altars:
Gozag

Shops:
D:2 [


Innate Abilities, Weirdness & Mutations

You have temporarily grown beastly horns and talons.
You are immune to sickness and miasma.
Your stone body is resilient. (AC +4)
You are immune to poison.
You resist negative energy. (rN+)
You are resistant to electric shocks. (rElec)
You are resistant to unholy torment.
You are immune to petrification.


Message History

You climb downwards.
Found 10 gold pieces.
There is a stone staircase leading up here.
Press: ? - help, v - describe, . - travel The floor.
The hound completely misses you. The iguana barely misses you.
The hound closely misses you.
Okay, then.
Casting: Sandblast (safe; 1% risk of failure)
Confirm with . or Enter, or press ? or * to list all spells.
You grow a pair of large bovine horns.
Your feet morph into talons.
The hound barely misses you. The iguana closely misses you.
You barely miss the hound.
Your +2 spectral club hits the hound.
The hound bites you but does no damage. x2; The iguana misses you.
You hit the hound. You claw the hound, but do no damage.
The hound is moderately wounded.
Your +2 spectral club hits the hound!
The hound bites your +2 spectral club.
Your spectral weapon shares its damage with you!
* * * LOW HITPOINT WARNING * * *
The iguana closely misses you.
The hound closely misses your +2 spectral club.
You closely miss the hound.
The hound is severely wounded.
Your +2 spectral club hits the hound.
You kill the hound!
The iguana barely misses you.
Your Dodging skill increases to level 3!
You hit the iguana but do no damage. Your kick misses the iguana.
Your +2 spectral club hits the iguana.
The iguana barely misses you.
You hit the iguana but do no damage. You claw the iguana.
The iguana is moderately wounded.
Your +2 spectral club hits the iguana.
The iguana barely misses your +2 spectral club.
You catch the helpless iguana completely off-guard!
You hit the iguana but do no damage.
The iguana is severely wounded.
Your +2 spectral club hits the iguana.
Your transformation is almost over.
The iguana bites you!
You die...

#... ### #...
.. #$..#.####
#.......#
#.......#
#..<....##.
..###.........#
.....(l........
####.#.@....##.
##.......#
#.......#
#.####### #. ..
... #..


You could see an iguana and a friendly +2 spectral club (summoned).

Vanquished Creatures
  Sigmund (D:2)
  An ice beast (D:4)
  An ogre (D:4)
  2 hounds
  Jessica (D:2)
  2 adders (D:2)
  4 worms
  4 dart slugs
  An endoplasm (D:4)
  2 giant cockroaches
  13 goblins
  6 hobgoblins
  2 jackals (D:1)
  8 ball pythons
  5 bats
  5 frilled lizards
  6 kobolds
  7 rats
71 creatures vanquished.

Vanquished Creatures (others)
  A giant cockroach (D:4)
1 creature vanquished.

Grand Total: 72 creatures vanquished

Notes
Turn   | Place    | Note
-------+----------+-------------------------------------------
     0 | D:1      | croobank the Gargoyle Earth Elementalist began the quest
                  | for the Orb.
     0 | D:1      | Reached XP level 1. HP: 10/10 MP: 3/3
   170 | D:1      | Reached XP level 2. HP: 15/15 MP: 5/5
   181 | D:1      | Reached skill level 4 in Earth Magic
   502 | D:1      | Reached XP level 3. HP: 9/20 MP: 2/6
   683 | D:1      | Learned a level 2 spell: Wereblood
   687 | D:1      | Learned a level 3 spell: Stone Arrow
  1219 | D:1      | Reached skill level 1 in Maces & Flails
  1501 | D:2      | Found Qiheifiu's Armour Shop.
  1788 | D:2      | Reached XP level 4. HP: 24/24 MP: 4/7
  1853 | D:2      | Noticed Jessica
  2067 | D:1      | Learned a level 1 spell: Beastly Appendage
  2164 | D:2      | Found an opulent altar of Gozag.
  2210 | D:2      | Killed Jessica
  2211 | D:2      | Reached skill level 1 in Fighting
  2405 | D:2      | Noticed Sigmund
  2847 | D:2      | HP: 1/25 [Sigmund/puff of flame (6)]
  3154 | D:2      | Killed Sigmund
  3155 | D:2      | Reached skill level 1 in Transmutations
  3155 | D:2      | Reached XP level 5. HP: 16/29 MP: 1/9
  3155 | D:2      | Reached XP level 6. HP: 19/34 MP: 1/10
  3302 | D:2      | Reached skill level 5 in Earth Magic
  3309 | D:2      | Learned a level 2 spell: Passwall
  4005 | D:3      | Noticed an ice beast
  4060 | D:4      | Killed an ice beast
  4061 | D:4      | Reached XP level 7. HP: 28/39 MP: 6/12
  4274 | D:5      | Entered Level 5 of the Dungeon
  4284 | D:5      | Slain by an iguana

Illustrated notes

Levels and vault maps discovered:
D:1:      dpeg_arrival_morbid_curiosity, layout_basic, serial_forest,
          infiniplex_forest_3_way, infiniplex_forest_end_2,
          infiniplex_forest_corner_2, infiniplex_forest_clump_C,
          infiniplex_forest_clump_small, infiniplex_forest_lined_3
D:2:      layout_rooms, basic_altar, serial_shops, shop,
          ebering_dispersal_statue_hall, chequers_serial_rivers_micro_e,
          serial_park_tiny_1, nicolae_underground_beach, uniq_jessica,
          uniq_sigmund
D:3:      layout_basic, uniq_robin
D:4:      layout_layer_cave, hangedman_decor_riveting, minmay_manual_macuahuitl,
          uniq_duvessa
D:5:      layout_loops_cross, nicolae_ru_path_of_blood, temple_doors_e,
          uniq_crazy_yiuf_cottage

Skill      XL: |  1  2  3  4  5  6  7 |
---------------+----------------------+-----
Earth Magic    | 4 5 |  5.4
Maces & Flails | 1 2 3 |  3.0
Dodging        | 2 3 |  3.0
Fighting       | 1 |  1.9
Stealth        | 3 |  3.5
Transmutations | 1 |  1.0
Spellcasting   | 3 |  3.4
Conjurations   | |  0.7

Action                   |  1- 3 |  4- 6 |  7- 9 || total
-------------------------+-------+-------+-------++-------
Melee: Mace              |    98 |    49 |       ||   147
       Whip              |     1 |       |       ||     1
       Club              |       |    48 |    32 ||    80
       Kick              |       |       |     2 ||     2
 Cast: Sandblast         |    14 |    14 |     1 ||    29
       Stone Arrow       |       |     7 |       ||     7
       Wereblood         |       |     1 |       ||     1
       Beastly Appendage |       |       |     1 ||     1
  Use: Scroll            |     4 |     2 |       ||     6
       Potion            |       |     3 |       ||     3
 Stab: Sleeping          |     3 |     1 |       ||     4
       Distracted        |       |     1 |     1 ||     2
Armor: Robe              |    46 |    33 |    16 ||    95
       Skin              |       |     4 |       ||     4
Dodge: Dodged            |    79 |    71 |    28 ||   178

Table legend: (Time is in decaauts)
 A = Elapsed time spent in this place.
 B = Non-inter-level travel time spent in this place.
 C = Inter-level travel time spent in this place.
 D = Time resting spent in this place.
 E = Time spent auto-exploring this place.
 F = Levels seen in this place.
 G = Mean time per level.
                   A        B        C        D        E       F      G
               +--------+--------+--------+--------+--------+-----+--------+
         Total |   4351 |   4306 |     45 |   1790 |   1498 |   5 |  870.2 |
       Dungeon |   4351 |   4306 |     45 |   1790 |   1498 |   5 |  870.2 |
               +--------+--------+--------+--------+--------+-----+--------+

Top non-repeatable levels by time:
     D:1: 1775 daAuts
     D:2: 1378 daAuts
     D:3: 941 daAuts
     D:4: 243 daAuts
     D:5: 10 daAuts
